 Dungeon Crawl Stone Soup version 0.30-a0-862-g1aabd4f9c5 (webtiles) character file.

Game seed: 4490691776762329196

144 scionoferis the Grave Robber (level 5, 0/38 HPs)
             Began as a Mummy Necromancer on Mar 9, 2023.
             Slain by Grinder (9 damage)
             ... while paralysed by Grinder
             ... on level 3 of the Dungeon.
             The game lasted 00:06:28 (2103 turns).

scionoferis the Grave Robber (Mummy Necromancer)    Turns: 2103, Time: 00:06:29

Health: 0/38       AC:  3    Str: 11    XL:     5   Next: 5%
Magic:  10/10      EV:  2    Int: 17    God:
Gold:   157        SH:  0    Dex: 12    Spells: 7/11 levels left

rFire   x . .      SeeInvis .    a - +1 dagger (elec)
rCold   + . .      Faith    +    (no shield)
rNeg    + + +      Spirit   .    g - +0 robe
rPois   ∞          Reflect  .    f - +0 helmet
rElec   .          Rampage  .    (no cloak)
rCorr   .                        (no gloves)
Will    .....                    (no boots)
Stlth   ++                       j - amulet of the acrobat
HPRegen 0.26/turn                (no ring)
MPRegen 0.12/turn                (no ring)

@: paralysed
A: cold resistance 1, negative energy resistance 3, torment resistance 2, heat
vulnerability 1, in touch with death 1, no potions, faith
a: no special abilities


You were on level 3 of the Dungeon.
You visited 1 branch of the dungeon, and saw 3 of its levels.

You collected 157 gold pieces.


Innate Abilities, Weirdness & Mutations

You are immune to poison.
Your flesh is cold resistant. (rC+)
You are immune to negative energy. (rN+++)
You are immune to unholy pain and torment.
You are vulnerable to heat. (rF-)
You are in touch with the powers of death.
You do not drink.
You have a special connection with the divine. (Faith)


   Skills:
 + Level 1.8 Fighting
 - Level 1.5 Dodging
 + Level 2.4 Stealth
 + Level 3.7 Spellcasting
 * Level 5.1 Necromancy


You had 7 spell levels left.
You knew the following spells:

 Your Spells              Type           Power      Damage    Failure   Level
a - Necrotise             Necr           100%       1d9       1%          1
b - Vampiric Draining     Necr           30%        2d8       6%          3

Your spell library contained the following spells:

 Spells                   Type           Power      Damage    Failure   Level
 Summon Small Mammal      Summ           12%        N/A       16%         1
 Animate Dead             Necr           30%        N/A       21%         4
 Call Canine Familiar     Summ           3%         N/A       43%         3
 Summon Guardian Golem    Hex/Summ       3%         N/A       43%         3
 Agony                    Necr           30%        N/A       50%         5

Inventory:

Hand Weapons
 a - a +1 dagger of electrocution (weapon)
   (You took it off an orc on level 3 of the Dungeon)
Armour
 f - a +0 helmet (worn)
   (You found it on level 2 of the Dungeon)
 g - a +0 robe (worn)
Jewellery
 j - an amulet of the acrobat (around neck)
   (You found it on level 2 of the Dungeon)
Scrolls
 b - a scroll of teleportation {unknown}
 c - a scroll of fog {unknown}
 d - 2 scrolls of identify {unknown}
 e - a scroll of magic mapping {unknown}
 h - a scroll of poison {unknown}
 i - a scroll of immolation {unknown}
 k - a scroll of torment {unknown}

Dungeon Overview and Level Annotations

Branches:
Dungeon (3/15)

Altars:

Annotations:
D:3 Grinder

#.##.............
#.##...######..##
#.##..5# #..#
#.##..$# #..#
#.##...# #..#
#.##...### #..#
#.##...... #..#
##5##...##.# #..#
#@#.#§..#... #..#
#....###5.....)....>#
####. #.#.###...###.#
.#..# ...........##
.###. ####...#.....
## . ##.##.#### .# #.
#.# # #. # #.# ## #
#.###.


You could see Grinder.


Message History

Found a staircase leading out of the dungeon.
You see here a +0 mace.
b - a +0 mace
b - a +0 mace (weapon)
You open the door.
There is an open door here.
A goblin comes into view. It is wielding a +0 dagger.
Aiming: Necrotise (safe; 4% risk of failure)
Press: ? - help, Q - select action Shift-Dir - straight line, f - goblin
Aim: a goblin, wielding a +0 dagger (asleep, chance to affect: 83%)
The goblin shouts!
The goblin writhes in agony.
Aiming: Necrotise (safe; 4% risk of failure)
Press: ? - help, Q - select action Shift-Dir - straight line, f/p - goblin
Aim: a goblin, wielding a +0 dagger (almost dead, chance to affect: 83%)
The goblin barely resists.
Unknown command.
Aiming: Necrotise (safe; 4% risk of failure)
Press: ? - help, Q - select action Shift-Dir - straight line, f/p - goblin
Aim: a goblin, wielding a +0 dagger (almost dead, chance to affect: 83%)
The goblin writhes in agony.
You kill the goblin!
The dead are walking!
A kobold comes into view. It is wielding a +0 whip.
The kobold shouts!
You see here a +0 dagger.
c - a +0 dagger Your goblin skeleton barely misses the kobold.
Aiming: Necrotise (safe; 4% risk of failure)
Press: ? - help, Q - select action Shift-Dir - straight line, f - kobold
Aim: a kobold, wielding a +0 whip (ally target, chance to affect: 83%)
You miscast Necrotise.
You are very lightly contaminated with residual magic.
Nothing appears to happen.
You barely miss the kobold.
Your goblin skeleton closely misses the kobold.
The kobold closely misses you.
You closely miss the kobold. The kobold barely misses you.
Your goblin skeleton hits the kobold.
The kobold hits you with a +0 whip.
Your goblin skeleton barely misses the kobold.
You hit the kobold.
You kill the kobold!
No target in view!
You start resting.
HP restored.
Your magical contamination has completely faded away.
You start resting.
A bat comes into view.
A bat is nearby!
Found 10 gold pieces.
The bat barely misses your goblin skeleton.
The bat hits your goblin skeleton. The bat hits your goblin skeleton.
Your goblin skeleton barely misses the bat.
The bat misses you.
You hit the bat but do no damage. Your punch misses the bat.
The bat barely misses you. The bat hits you but does no damage. x2
Your goblin skeleton hits the bat but does no damage.
Aiming: Necrotise (safe; 4% risk of failure)
Press: ? - help, Q - select action Shift-Dir - straight line, f - bat
Aim: a bat (ally target, chance to affect: 83%)
You miscast Necrotise.
You are very lightly contaminated with residual magic.
Nothing appears to happen.
The bat hits you.
Your goblin skeleton barely misses the bat.
Aiming: Necrotise (safe; 4% risk of failure)
Press: ? - help, Q - select action Shift-Dir - straight line, f/p - bat
Aim: a bat (ally target, chance to affect: 83%)
The bat writhes in agony.
You kill the bat!
Unknown command.
Your goblin skeleton crumbles into dust!
Your magical contamination has completely faded away.
Your bat skeleton crumbles into dust!
Magic restored.
Found a ring mail.
Found a stone staircase leading down.
You now have 10 gold pieces.
Found a white potion.
You now have 18 gold pieces (gained 8).
You see here a white potion.
A rat comes into view.
You hit the rat.
You kill the rat!
No target in view!
Found an orange potion.
No target in view!
A ball python comes into view.
Aiming: Necrotise (safe; 4% risk of failure)
Press: ? - help, Q - select action Shift-Dir - straight line, f - ball python
Aim: a ball python (asleep, chance to affect: 83%)
You miscast Necrotise.
You are very lightly contaminated with residual magic.
Nothing appears to happen.
The ball python hisses angrily.
Aiming: Necrotise (safe; 4% risk of failure)
Press: ? - help, Q - select action Shift-Dir - straight line, f/p - ball python
Aim: a ball python (chance to affect: 83%)
The ball python writhes in agony.
You kill the ball python!
The dead are slithering!
Your magical contamination has completely faded away.
You swap places.
You see here an orange potion.
Your ball python skeleton crumbles into dust!
You now have 27 gold pieces (gained 9).
An endoplasm comes into view.
An endoplasm is nearby!
You hit the endoplasm but do no damage. The endoplasm closely misses you.
You hit the endoplasm.
The endoplasm is moderately wounded.
The endoplasm misses you. The endoplasm hits you.
You sock the endoplasm!
You kill the endoplasm!
No target in view!
A frilled lizard comes into view.
Found a scroll labelled CEK MEN HEMUU.
The frilled lizard hisses angrily.
The frilled lizard bites you.
You hit the frilled lizard.
You kill the frilled lizard!
No target in view!
No target in view!
HP restored.
A sourceless malevolence fills the Dungeon...
You fall into a shaft and drop 1 floor!
The shaft crumbles and collapses.
A hobgoblin comes into view.
Aiming: Necrotise (safe; 4% risk of failure)
Press: ? - help, Q - select action Shift-Dir - straight line, f - hobgoblin
Aim: a hobgoblin (asleep, chance to affect: 83%)
The hobgoblin shouts!
The hobgoblin writhes in agony.
You kill the hobgoblin!
The dead are walking!
Magic restored.
You swap places.
You now have 38 gold pieces (gained 11).
You open the door.
There is an open door here.
A jelly comes into view.
Press: ? - help, v - describe, . - travel
Here: a jelly The floor.
Unknown command.
Unknown command.
Aiming: Necrotise (safe; 4% risk of failure)
Press: ? - help, Q - select action Shift-Dir - straight line, f - jelly
Aim: a jelly (ally target, chance to affect: 76%)
The jelly writhes in agony.
Unknown command.
Aiming: Necrotise (safe; 4% risk of failure)
Press: ? - help, Q - select action Shift-Dir - straight line, f/p - jelly
Aim: a jelly (moderately wounded, ally target, chance to affect: 76%)
The jelly writhes in agony.
Unknown command.
Aiming: Necrotise (safe; 4% risk of failure)
Press: ? - help, Q - select action Shift-Dir - straight line, f/p - jelly
Aim: a jelly (heavily wounded, ally target, chance to affect: 76%)
The jelly writhes in agony.
Unknown command.
Aiming: Necrotise (safe; 4% risk of failure)
Press: ? - help, Q - select action Shift-Dir - straight line, f/p - jelly
Aim: a jelly (severely wounded, ally target, chance to affect: 76%)
The jelly writhes in agony.
Unknown command.
You sock the jelly!
You kill the jelly!
Your hobgoblin skeleton crumbles into dust!
Your Fighting skill increases to level 1!
Your Stealth skill increases to level 2!
Your Spellcasting skill increases to level 3!
You have reached level 2!
You have reached level 3!
Your experience leads to an increase in your attributes!
Increase (S)trength, (I)ntelligence, or (D)exterity?
You feel clever. x2
You feel more in touch with the powers of death.
This spell is quite dangerous to cast!
Memorise Vampiric Draining, consuming 3 spell levels and leaving 4?
You start memorising the spell.
You continue memorising. x3
You finish memorising.
Spell assigned to 'b'.
An endoplasm comes into view.
Found a scroll labelled FUENEUMMADE.
The endoplasm quivers.
Aiming: Necrotise (safe; 3% risk of failure)
Press: ? - help, Q - select action Shift-Dir - straight line, f - endoplasm
Aim: an endoplasm (chance to affect: 93%)
You feel a surge of power!
The endoplasm writhes in agony.
Unknown command.
You hit the endoplasm.
You kill the endoplasm!
d - a scroll labelled FUENEUMMADE
Found a stone staircase leading down.
A ball python comes into view.
Found 20 gold pieces.
A ball python is nearby!
Aiming: Necrotise (safe; 3% risk of failure)
Press: ? - help, Q - select action Shift-Dir - straight line, f - ball python
Aim: a ball python (asleep, chance to affect: 93%)
You feel a surge of power!
The ball python hisses angrily.
The ball python barely resists.
Aiming: Necrotise (safe; 3% risk of failure)
Press: ? - help, Q - select action Shift-Dir - straight line, f/p - ball python
Aim: a ball python (chance to affect: 93%)
You feel a surge of power!
The ball python writhes in agony.
You kill the ball python!
The dead are slithering!
You swap places.
You now have 44 gold pieces (gained 6).
You swap places.
Your ball python skeleton crumbles into dust!
You now have 58 gold pieces (gained 14).
You open the door.
Found 3 stones.
There is an open door here.
e - a scroll labelled FIALEN AMODD You open the door.
Found a helmet.
There is an open door here.
A goblin comes into view. It is wielding a +0 club.
A hobgoblin comes into view.
The goblin shouts!
A goblin comes into view. It is wielding a +0 club.
There is an open door here.
Aiming: Necrotise (safe; 3% risk of failure)
Press: ? - help, Q - select action Shift-Dir - straight line, f - goblin
Aim: a goblin, wielding a +0 club (chance to affect: 93%)
You feel a surge of power!
The goblin writhes in agony.
You kill the goblin!
The dead are walking!
Aiming: Necrotise (safe; 3% risk of failure)
Press: ? - help, Q - select action Shift-Dir - straight line, f - hobgoblin
Aim: a hobgoblin (ally target, chance to affect: 93%)
You feel a surge of power!
The hobgoblin writhes in agony!
You kill the hobgoblin!
The dead are walking!
A rat comes into view.
Aiming: Necrotise (safe; 2% risk of failure)
Press: ? - help, Q - select action Shift-Dir - straight line, f - you
Okay, then.
A worm comes into view.
Your goblin skeleton hits the rat but does no damage.
The rat bites you.
Your hobgoblin skeleton barely misses the rat.
You closely miss the rat. The rat bites you.
Your goblin skeleton closely misses the rat.
Your hobgoblin skeleton hits the rat.
The rat twitches its whiskers.
The rat misses you. The goblin closely misses you.
Aiming: Necrotise (safe; 2% risk of failure)
Press: ? - help, Q - select action Shift-Dir - straight line, f - rat
Aim: a rat (severely wounded, ally target, chance to affect: 93%)
You feel a surge of power!
The rat writhes in agony!
You kill the rat!
The dead are walking!
The goblin hits you but does no damage.
Your hobgoblin skeleton closely misses the goblin.
Aiming: Necrotise (safe; 2% risk of failure)
Press: ? - help, Q - select action Shift-Dir - straight line, f - goblin
Aim: a goblin, wielding a +0 club (ally target, chance to affect: 93%)
You feel a surge of power!
The goblin writhes in agony!
You kill the goblin!
The dead are walking!
Your goblin skeleton hits the worm but does no damage.
You see here a +0 helmet.
Aiming: Necrotise (safe; 2% risk of failure)
Press: ? - help, Q - select action Shift-Dir - straight line, f - worm
Aim: a worm (ally target, chance to affect: 88%)
You feel a surge of power!
The worm writhes in agony.
Your hobgoblin skeleton barely misses the worm.
The worm bites you.
Your goblin skeleton completely misses the worm.
You hit the worm.
The worm is heavily wounded.
Your hobgoblin skeleton hits the worm but does no damage.
Your goblin skeleton barely misses the worm.
You hit the worm.
The worm is almost dead.
Your goblin skeleton hits the worm.
The worm bites you!
Your hobgoblin skeleton hits the worm.
The worm dies!
Unknown command.
You swap places.
d - 2 scrolls labelled FUENEUMMADE (gained 1)
Things that are here:
a +0 club; a fizzy dark potion You swap places.
You see here a +0 helmet.
f - a +0 helmet You swap places.
You start putting on your armour.
You continue putting on your +0 helmet. x4
You finish putting on your +0 helmet.
Unknown command.
Your goblin skeleton crumbles into dust! x2
Your hobgoblin skeleton crumbles into dust!
Your rat skeleton crumbles into dust!
HP restored.
You see here a +0 club.
Found a stone staircase leading down.
A worm comes into view.
The helpless worm fails to defend itself.
You sock the worm!
The worm is heavily wounded.
The worm misses you.
You hit the worm but do no damage.
The worm is moderately wounded.
The worm bites you!
You hit the worm.
The worm is moderately wounded.
The worm bites you!
* * * LOW HITPOINT WARNING * * *
Casting: Necrotise (safe; 2% risk of failure)
Confirm with . or Enter, or press ? or * to list all spells.
The spell is quite dangerous to miscast (9% risk of failure)!
Continue anyway?
Okay, then.
Casting: Vampiric Draining (quite dangerous; 9% risk of failure)
Confirm with . or Enter, or press ? or * to list all spells.
The spell is quite dangerous to miscast (9% risk of failure)!
Continue anyway?
Aiming: Vampiric Draining (quite dangerous; 9% risk of failure)
Press: ? - help, Shift-Dir - straight line, f - worm
Aim: a worm (moderately wounded)
You feel a surge of power!
You draw life force from the worm.
You feel life coursing into your body.
Casting: Vampiric Draining (quite dangerous; 9% risk of failure)
Confirm with . or Enter, or press ? or * to list all spells.
The spell is quite dangerous to miscast (9% risk of failure)!
Continue anyway?
Aiming: Vampiric Draining (quite dangerous; 9% risk of failure)
Press: ? - help, Shift-Dir - straight line, f/p - worm
Aim: a worm (severely wounded)
You feel a surge of power!
You draw life force from the worm!
You kill the worm!
You feel life coursing into your body.
Unknown command.
You start resting.
HP restored.
You start resting.
Magic restored.
You open the large door.
There is a large open door here.
A kobold comes into view. It is wielding a +0 dagger.
Found a ruby potion and a fizzy dark potion.
Found an escape hatch in the floor.
A kobold comes into view. It is wielding a +0 dagger.
There is a large open door here.
There is a large open door here.
There is a large open door here.
There is a large open door here.
Aiming: Necrotise (safe; 2% risk of failure)
Press: ? - help, Q - select action Shift-Dir - straight line, f - you
Okay, then.
The kobold shouts!
An adder comes into view.
The kobold shouts!
There is a large open door here.
There is a large open door here.
Aiming: Necrotise (safe; 2% risk of failure)
Press: ? - help, Q - select action Shift-Dir - straight line, f - kobold
Aim: a kobold, wielding a +0 dagger and quivering stones (chance to affect: 93%)
You feel a surge of power!
The kobold writhes in agony.
Unknown command.
Aiming: Necrotise (safe; 2% risk of failure)
Press: ? - help, Q - select action Shift-Dir - straight line, f/p - kobold
Aim: a kobold, wielding a +0 dagger and quivering stones (heavily wounded, chance to affect: 93%)
You feel a surge of power!
The kobold barely resists.
Unknown command.
Aiming: Necrotise (safe; 2% risk of failure)
Press: ? - help, Q - select action Shift-Dir - straight line, f - adder
Aim: an adder (chance to affect: 88%)
You feel a surge of power!
The adder writhes in agony.
Unknown command.
Aiming: Necrotise (safe; 2% risk of failure)
Press: ? - help, Q - select action Shift-Dir - straight line, f/p - adder
Aim: an adder (lightly wounded, chance to affect: 88%)
You feel a surge of power!
The adder writhes in agony.
Unknown command.
Aiming: Necrotise (safe; 2% risk of failure)
Press: ? - help, Q - select action Shift-Dir - straight line, f/p - adder
Aim: an adder (moderately wounded, chance to affect: 88%)
You feel a surge of power!
The adder barely resists.
The adder bites you.
Unknown command.
Aiming: Necrotise (safe; 2% risk of failure)
Press: ? - help, Q - select action Shift-Dir - straight line, f/p - adder
Aim: an adder (moderately wounded, chance to affect: 88%)
You feel a surge of power!
The adder writhes in agony.
The adder closely misses you.
Unknown command.
You hit the adder but do no damage.
The adder is moderately wounded.
The adder misses you. The adder bites you.
You barely miss the adder.
The adder is moderately wounded.
The adder closely misses you.
You completely miss the adder.
The adder is moderately wounded.
The adder misses you. The adder bites you.
You miss the adder.
The adder is moderately wounded.
The adder bites you. The adder closely misses you.
You miss the adder.
The adder is moderately wounded.
The adder misses you. The adder closely misses you.
Aiming: Necrotise (safe; 2% risk of failure)
Press: ? - help, Q - select action Shift-Dir - straight line, f/p - adder
Aim: an adder (moderately wounded, chance to affect: 88%)
You feel a surge of power!
The adder writhes in agony.
The adder bites you.
Unknown command.
You completely miss the adder.
The adder is heavily wounded.
The adder closely misses you. The adder bites you.
You miss the adder.
The adder is heavily wounded.
The adder closely misses you. x2
You barely miss the adder.
The adder is heavily wounded.
The adder bites you. x2
You miss the adder. Your punch misses the adder.
The adder is heavily wounded.
The adder closely misses you.
You sock the adder!
You kill the adder!
The kobold misses you.
You hit the kobold.
The kobold is severely wounded.
The kobold barely misses you.
You hit the kobold.
You kill the kobold!
The kobold misses you.
You hit the kobold.
You kill the kobold!
There is a large open door, spattered with blood here.
Things that are here:
a +0 dagger; a +0 dagger; 5 stones HP restored.
You open the door.
There is an open door here. 3 jackals come into view.
The jackal barks! x3
The jackal attacks as you move away!
The jackal bites you but does no damage.
You closely miss the jackal. You closely miss the jackal.
The jackal bites you but does no damage.
The jackal barely misses you.
You hit the jackal.
The jackal is moderately wounded.
The jackal bites you but does no damage.
The jackal closely misses you.
You miss the jackal. The jackal barely misses you. The jackal bites you.
You sock the jackal!
You kill the jackal!
The jackal bites you.
You hit the jackal but do no damage. The jackal misses you.
The jackal closely misses you.
You closely miss the jackal. The jackal closely misses you. x2
You closely miss the jackal. The jackal barely misses you.
The jackal misses you.
You hit the jackal.
The jackal is severely wounded.
The jackal closely misses you. The jackal bites you.
You hit the jackal but do no damage. You punch the jackal.
The jackal is almost dead.
The jackal bites you but does no damage. x2
You closely miss the jackal.
The jackal is almost dead.
The jackal bites you but does no damage. x2
You hit the jackal.
You kill the jackal!
The jackal barely misses you.
You hit the jackal.
The jackal is moderately wounded.
The jackal bites you. x2
You sock the jackal!
You kill the jackal!
You have reached level 4!
You see here a jackal corpse.
Found a stone staircase leading down.
Found a stone staircase leading up.
You now have 73 gold pieces (gained 15).
You pick up a book of Callings and begin reading...
You add the spells Summon Small Mammal, Call Canine Familiar and Summon Guardian Golem to your library.
There is a stone staircase leading up here.
You climb upwards.
There is a stone staircase leading down here.
A ball python comes into view.
Found an orange potion.
The ball python hisses angrily.
No target in view!
Aiming: Necrotise (safe; 2% risk of failure)
Press: ? - help, Q - select action Shift-Dir - straight line, f - ball python
Aim: a ball python (chance to affect: 93%)
You feel a surge of power!
The ball python writhes in agony.
You kill the ball python!
Unknown command.
Magic restored.
You swap places.
There is a stone staircase leading down here.
A kobold comes into view. It is wielding a +0 dagger.
The kobold shouts!
Aiming: Necrotise (safe; 2% risk of failure)
Press: ? - help, Q - select action Shift-Dir - straight line, f - you You feel a surge of power!
That beam is likely to hit you.
Continue anyway?
Okay, then.
Aiming: Necrotise (safe; 2% risk of failure)
Press: ? - help, Q - select action Shift-Dir - straight line, f - kobold
Aim: a kobold, wielding a +0 dagger (ally target, chance to affect: 93%)
You feel a surge of power!
The kobold writhes in agony.
You kill the kobold!
The dead are walking!
A kobold comes into view. It is wielding a +0 short sword.
The kobold throws a stone.
The stone hits you.
Your ball python skeleton crumbles into dust!
The kobold hits you but does no damage.
Your kobold skeleton hits the kobold.
You completely miss the kobold.
The kobold is moderately wounded.
The kobold closely misses you.
Your kobold skeleton hits the kobold but does no damage.
The kobold misses you.
You barely miss the kobold.
The kobold is moderately wounded.
Your kobold skeleton closely misses the kobold.
The kobold hits you with a +0 short sword.
You hit the kobold but do no damage.
The kobold is moderately wounded.
The kobold barely misses you.
Your kobold skeleton barely misses the kobold.
The kobold barely misses you.
You hit the kobold.
You kill the kobold!
No target in view!
Things that are here:
a +0 short sword; 5 stones; a kobold corpse
Found 2 metallic puce potions.
Things that are here:
a +0 short sword; 5 stones; a kobold corpse
g - a +0 short sword Adjust to which letter? (? for menu, Esc to quit)
a - a +0 short sword;
g - a +0 robe (worn)
a - a +0 short sword (weapon)
A rat comes into view.
Aiming: Necrotise (safe; 2% risk of failure)
Press: ? - help, Q - select action Shift-Dir - straight line, f - you You feel a surge of power!
That beam is likely to hit you.
Continue anyway?
Okay, then.
Your kobold skeleton crumbles into dust!
Aiming: Necrotise (safe; 2% risk of failure)
Press: ? - help, Q - select action Shift-Dir - straight line, f - rat
Aim: a rat (chance to affect: 93%)
You feel a surge of power!
The rat writhes in agony.
You kill the rat!
The dead are walking!
You see here 2 metallic puce potions.
Found a stone staircase leading down.
Your rat skeleton crumbles into dust!
There is a stone staircase leading down here.
You now have 84 gold pieces (gained 11).
Found a robe.
Found an orange potion.
You now have 94 gold pieces (gained 10).
You now have 106 gold pieces (gained 12).
A rat comes into view.
The rat twitches its whiskers.
You see here a +0 robe.
You barely miss the rat. The rat barely misses you.
You barely miss the rat. The rat closely misses you.
You barely miss the rat. The rat misses you.
You barely miss the rat. The rat barely misses you.
You barely miss the rat. The rat closely misses you.
You barely miss the rat. The rat bites you but does no damage.
Aiming: Necrotise (safe; 2% risk of failure)
Press: ? - help, Q - select action Shift-Dir - straight line, f - rat
Aim: a rat (chance to affect: 93%)
You feel a surge of power!
The rat writhes in agony!
You kill the rat!
The dead are walking!
You swap places.
Your rat skeleton crumbles into dust!
Found a leather armour.
Okay, then.
An endoplasm comes into view.
Aiming: Necrotise (safe; 2% risk of failure)
Press: ? - help, Q - select action Shift-Dir - straight line, f - endoplasm
Aim: an endoplasm (asleep, chance to affect: 93%)
You feel a surge of power!
The endoplasm writhes in agony.
Unknown command.
Aiming: Necrotise (safe; 2% risk of failure)
Press: ? - help, Q - select action Shift-Dir - straight line, f/p - endoplasm
Aim: an endoplasm (almost dead, chance to affect: 93%)
You feel a surge of power!
The endoplasm writhes in agony.
You kill the endoplasm!
Unknown command.
h - a scroll labelled CEK MEN HEMUU You see here a +0 club.
You see here a +0 club.
Found a mace.
You see here a +0 mace.
A dart slug comes into view.
The dart slug launches a dart at you. The slug dart misses you.
You hit the dart slug but do no damage. The dart slug launches a dart at you.
The slug dart hits you.
You hit the dart slug but do no damage.
The dart slug bites you but does no damage.
You hit the dart slug but do no damage. You hit the dart slug.
The dart slug is moderately wounded.
The dart slug bites you but does no damage.
You hit the dart slug.
The dart slug is heavily wounded.
The dart slug launches a dart at you. The slug dart hits you.
You hit the dart slug.
The dart slug is almost dead.
The dart slug closely misses you.
You hit the dart slug.
You kill the dart slug!
No target in view!
HP restored.
You see here a +0 ring mail.
A bat comes into view.
Aiming: Necrotise (safe; 2% risk of failure)
Press: ? - help, Q - select action Shift-Dir - straight line, f - bat
Aim: a bat (chance to affect: 93%)
You feel a surge of power!
The bat barely resists.
The bat hits you but does no damage.
Unknown command.
The bat hits you but does no damage.
Aiming: Necrotise (safe; 2% risk of failure)
Press: ? - help, Q - select action Shift-Dir - straight line, f/p - bat
Aim: a bat (chance to affect: 93%)
You feel a surge of power!
The bat writhes in agony!
You kill the bat!
The dead are flying!
You see here a +0 whip.
You open the door.
Found a trident.
There is an open door here.
Your bat skeleton crumbles into dust!
You see here a +0 trident.
i - a +0 trident You open the door.
An endoplasm comes into view.
The endoplasm quivers.
An endoplasm is nearby!
The endoplasm hits you.
There is an open door here.
You hit the endoplasm but do no damage. The endoplasm closely misses you.
You hit the endoplasm but do no damage. The endoplasm freezes you.
You are frozen.
You resist.
You hit the endoplasm.
The endoplasm is heavily wounded.
The endoplasm hits you.
You hit the endoplasm but do no damage.
The endoplasm is heavily wounded.
The endoplasm closely misses you.
You barely miss the endoplasm.
The endoplasm is heavily wounded.
The endoplasm freezes you.
You are frozen.
You resist.
You hit the endoplasm.
You kill the endoplasm!
Aiming: Necrotise (safe; 2% risk of failure)
Press: ? - help, Q - select action Shift-Dir - straight line, f - you
Okay, then.
A rat comes into view.
Aiming: Necrotise (safe; 2% risk of failure)
Press: ? - help, Q - select action Shift-Dir - straight line, f - rat
Aim: a rat (asleep, chance to affect: 93%)
You feel a surge of power!
The rat writhes in agony.
You kill the rat!
The dead are walking!
You swap places.
Your rat skeleton crumbles into dust!
You now have 121 gold pieces (gained 15).
You see here an orange potion.
Done exploring.
Search for what [? for help]? d: Unknown command.
There is a stone staircase leading down here.
You climb downwards.
There is a stone staircase leading up here.
A quokka comes into view.
Aiming: Necrotise (safe; 2% risk of failure)
Press: ? - help, Q - select action Shift-Dir - straight line, f - quokka
Aim: a quokka (asleep, chance to affect: 93%)
You feel a surge of power!
The quokka writhes in agony.
Aiming: Necrotise (safe; 2% risk of failure)
Press: ? - help, Q - select action Shift-Dir - straight line, f/p - quokka
Aim: a quokka (severely wounded, chance to affect: 93%)
You feel a surge of power!
The quokka writhes in agony.
You kill the quokka!
The dead are hopping!
Magic restored.
You swap places.
Found an escape hatch in the ceiling.
Your quokka skeleton crumbles into dust!
There is an escape hatch in the ceiling here.
There is an escape hatch in the ceiling here.
You open the door.
There is an open door here.
j - an amulet of the acrobat You start putting on your amulet.
You continue putting on your amulet of the acrobat. x5
You finish putting on your amulet of the acrobat.
You feel ready to tumble and roll out of harm's way.
j - an amulet of the acrobat (around neck)
You now have 131 gold pieces (gained 10).
You open the door.
There is an open door here.
Found a smoky clear potion.
There is an open door here.
There is an open door here.
There is an open door here.
You open the door.
A giant cockroach comes into view.
There is an open door here.
Aiming: Necrotise (safe; 2% risk of failure)
Press: ? - help, Q - select action Shift-Dir - straight line, f - giant cockroach
Aim: a giant cockroach (chance to affect: 93%)
You feel a surge of power!
The giant cockroach writhes in agony!
You kill the giant cockroach!
Unknown command.
Found a ring mail.
There is an open door here.
Found a stone staircase leading up.
Done exploring.
There is a stone staircase leading down here.
You climb downwards.
Found 4 stones and 2 fizzy dark potions.
There is a stone staircase leading up here.
The helpless adder fails to defend itself.
You puncture the adder!
The adder is almost dead.
The adder bites you. The adder closely misses you.
Aiming: Necrotise (safe; 2% risk of failure)
Press: ? - help, Q - select action Shift-Dir - straight line, f - adder
Aim: an adder (almost dead, chance to affect: 88%)
You feel a surge of power!
The adder writhes in agony.
You kill the adder!
The dead are slithering!
HP restored.
Magic restored.
There is a stone staircase leading up here.
k - a scroll labelled TARAUZ NOMISUO Your adder skeleton crumbles into dust!
An orc comes into view.
It is wielding a +1 dagger of electrocution.
The orc shouts!
Aiming: Necrotise (safe; 2% risk of failure)
Press: ? - help, Q - select action Shift-Dir - straight line, f - orc
Aim: an orc, wielding a +1 dagger of electrocution and wearing a +0 ring mail (chance to affect: 93%)
You feel a surge of power!
The orc barely resists.
Unknown command.
Aiming: Necrotise (safe; 2% risk of failure)
Press: ? - help, Q - select action Shift-Dir - straight line, f/p - orc
Aim: an orc, wielding a +1 dagger of electrocution and wearing a +0 ring mail (chance to affect: 93%)
You feel a surge of power!
You miscast Necrotise.
You are very lightly contaminated with residual magic.
Nothing appears to happen.
Aiming: Necrotise (safe; 2% risk of failure)
Press: ? - help, Q - select action Shift-Dir - straight line, f/p - orc
Aim: an orc, wielding a +1 dagger of electrocution and wearing a +0 ring mail (chance to affect: 93%)
You feel a surge of power!
The orc writhes in agony.
Unknown command.
Aiming: Necrotise (safe; 2% risk of failure)
Press: ? - help, Q - select action Shift-Dir - straight line, f/p - orc
Aim: an orc, wielding a +1 dagger of electrocution and wearing a +0 ring mail (severely wounded, chance to affect: 93%)
You feel a surge of power!
The orc writhes in agony!
You kill the orc!
The dead are walking!
Things that are here:
a +1 dagger of electrocution; a +0 ring mail
l - a +1 dagger of electrocution Adjust to which letter? (? for menu, Esc to quit)
a - a +1 dagger of electrocution;
l - a +0 short sword (weapon)
Your magical contamination has completely faded away.
You drop a +0 mace.
You drop a +0 dagger.
You drop a +0 trident.
You are now empty-handed.
You drop a +0 short sword.
You hear the crackle of electricity.
a - a +1 dagger of electrocution (weapon)
Your orc skeleton crumbles into dust!
b - a scroll labelled BEEC NAICACK
Found a stone staircase leading down.
An orc comes into view. It is wielding a +0 dagger.
The orc shouts!
You hear a shout!
An orc comes into view. It is wielding a +0 mace.
An orc comes into view. It is wielding a +0 club.
Aiming: Necrotise (safe; 2% risk of failure)
Press: ? - help, Q - select action Shift-Dir - straight line, f - orc
Aim: an orc, wielding a +0 mace and wearing a +0 leather armour (chance to affect: 93%)
You feel a surge of power!
The orc writhes in agony.
The orc shouts!
Aiming: Necrotise (safe; 2% risk of failure)
Press: ? - help, Q - select action Shift-Dir - straight line, f/p - orc
Aim: an orc, wielding a +0 mace and wearing a +0 leather armour (heavily wounded, chance to affect: 93%)
You feel a surge of power!
The orc writhes in agony.
Unknown command.
Aiming: Necrotise (safe; 2% risk of failure)
Press: ? - help, Q - select action Shift-Dir - straight line, f/p - orc
Aim: an orc, wielding a +0 mace and wearing a +0 leather armour (severely wounded, chance to affect: 93%)
You feel a surge of power!
The orc writhes in agony.
Unknown command.
You hit the orc.
You kill the orc!
Aiming: Necrotise (safe; 2% risk of failure)
Press: ? - help, Q - select action Shift-Dir - straight line, f - orc
Aim: an orc, wielding a +0 dagger (chance to affect: 93%)
You feel a surge of power!
The orc writhes in agony.
The orc hits you with a +0 dagger.
Unknown command.
You barely miss the orc.
The orc is almost dead.
A giant cockroach comes into view.
The orc hits you with a +0 dagger.
You closely miss the orc.
The orc is almost dead.
The orc hits you but does no damage.
You closely miss the orc.
The orc is almost dead.
The orc closely misses you.
You hit the orc.
You kill the orc!
You hit the orc. Lightning courses through the orc!
You kill the orc!
Items here: ))) [ †.
Aiming: Necrotise (safe; 2% risk of failure)
Press: ? - help, Q - select action Shift-Dir - straight line, f - giant cockroach
Aim: a giant cockroach (wandering, hasn't noticed you, chance to affect: 93%)
You feel a surge of power!
The giant cockroach writhes in agony!
You kill the giant cockroach!
Unknown command.
A quokka comes into view.
Aiming: Necrotise (safe; 2% risk of failure)
Press: ? - help, Q - select action Shift-Dir - straight line, f - quokka
Aim: a quokka (asleep, chance to affect: 93%)
You feel a surge of power!
The quokka writhes in agony!
You kill the quokka!
The dead are hopping!
You swap places.
Found a dagger.
You see here a +0 dagger.
c - a scroll labelled SUNULE HUICIST Your quokka skeleton crumbles into dust!
Found an escape hatch in the floor.
A ball python comes into view.
Found a falchion.
Grinder comes into view.
You now have 146 gold pieces (gained 15).
Found 4 stones.
Found a stone staircase leading up. 3 gnolls come into view.
The gnoll shouts!
The gnoll completely misses you. The gnoll attacks as you move away!
The gnoll completely misses you.
You see here 4 stones.
The gnoll attacks as you move away! The gnoll misses you.
The gnoll completely misses you.
There is a stone staircase leading up here.
You hit the gnoll but do no damage. Lightning courses through the gnoll!
The gnoll is severely wounded.
The gnoll closely misses you.
You hit the gnoll but do no damage.
The gnoll is severely wounded.
The gnoll hits you with a +0 halberd.
You hit the gnoll but do no damage. Lightning courses through the gnoll!
You kill the gnoll!
You hit the gnoll.
The gnoll is moderately wounded.
The gnoll closely misses you.
You completely miss the gnoll.
The gnoll is moderately wounded.
The gnoll completely misses you.
A gnoll comes into view. It is wielding a +0 whip.
The gnoll shouts!
You hit the gnoll.
The gnoll is moderately wounded.
The gnoll closely misses you.
You hit the gnoll.
The gnoll is heavily wounded.
The gnoll hits you but does no damage. The gnoll hits you with a +0 whip.
You hit the gnoll but do no damage. The gnoll hits you with a +0 spear.
The gnoll misses you.
Casting: Necrotise (safe; 2% risk of failure)
Confirm with . or Enter, or press ? or * to list all spells.
The spell is quite dangerous to miscast (7% risk of failure)!
Continue anyway? [Y]es or [N]o only, please.
The spell is quite dangerous to miscast (7% risk of failure)!
Continue anyway?
Okay, then.
Unknown command.
Casting: Vampiric Draining (quite dangerous; 7% risk of failure)
Confirm with . or Enter, or press ? or * to list all spells.
Aiming: Necrotise (safe; 2% risk of failure)
Press: ? - help, Shift-Dir - straight line, f - gnoll
Aim: a gnoll, wielding a +0 whip and wearing a +0 chain mail (chance to affect: 88%)
You feel a surge of power!
The gnoll writhes in agony!
The gnoll barely misses you. The gnoll hits you with a +0 whip.
Casting: Necrotise (safe; 2% risk of failure)
Confirm with . or Enter, or press ? or * to list all spells.
Aiming: Necrotise (safe; 2% risk of failure)
Press: ? - help, Shift-Dir - straight line, f/p - gnoll
Aim: a gnoll, wielding a +0 whip and wearing a +0 chain mail (severely wounded, chance to affect: 88%)
You feel a surge of power!
The gnoll writhes in agony.
You kill the gnoll!
The dead are walking!
The gnoll barely misses you.
Your Necromancy skill increases to level 5!
Casting: Necrotise (safe; 2% risk of failure)
Confirm with . or Enter, or press ? or * to list all spells.
The spell is quite dangerous to miscast (7% risk of failure)!
Continue anyway?
Aiming: Vampiric Draining (quite dangerous; 7% risk of failure)
Press: ? - help, Shift-Dir - straight line, f - gnoll
Aim: a gnoll, wielding a +0 spear (heavily wounded, ally target)
You feel a surge of power!
You draw life force from the gnoll!
You kill the gnoll!
You feel life coursing into your body.
You hit the gnoll but do no damage. Lightning courses through the gnoll!
You kill the gnoll!
You have reached level 5!
You feel clever.
You start resting.
Your gnoll skeleton crumbles into dust!
HP restored.
You start resting.
Magic restored.
Things that are here:
a +0 whip; a +0 chain mail
Found a stone staircase leading up.
You now have 157 gold pieces (gained 11).
There is a stone staircase leading up here.
The ball python hisses angrily.
The ball python misses you. The ball python completely misses you.
You closely miss the ball python.
The ball python bites you but does no damage.
The ball python barely misses you.
You closely miss the ball python. The ball python barely misses you.
The ball python closely misses you.
You hit the ball python.
The ball python is severely wounded.
The ball python bites you but does no damage.
The ball python grabs you. The ball python constricts you.
You hit the ball python.
You kill the ball python!
No target in view!
Found a short sword.
Found 12 gold pieces.
You see here a +0 short sword.
Found a scroll labelled EDAMY TON ZOXO.
i - a scroll labelled EDAMY TON ZOXO Unknown command.
The helpless Grinder fails to defend herself.
You hit Grinder.
Grinder is lightly wounded.
Grinder hits you.
You hit Grinder.
Grinder is moderately wounded.
Grinder hits you!
You hit Grinder but do no damage.
Grinder is moderately wounded.
Grinder closely misses you.
You closely miss Grinder.
Grinder is moderately wounded.
Grinder hits you!
You closely miss Grinder.
Grinder is moderately wounded.
Grinder hits you but does no damage.
You hit Grinder but do no damage. Lightning courses through Grinder!!
Grinder is severely wounded.
Grinder closely misses you.
You closely miss Grinder.
Grinder is severely wounded.
Grinder hits you.
You hit Grinder.
Grinder is severely wounded.
Grinder blinks!
You start resting.
Grinder is nearby!
You hit Grinder but do no damage.
Grinder is severely wounded.
Grinder barely misses you.
You hit Grinder.
Grinder is almost dead.
Grinder gestures at you. You resist with some effort.
You hit Grinder.
Grinder is almost dead.
Grinder gestures at you.
You suddenly lose the ability to move!
Grinder hits you but does no damage. Grinder hits you!
* * * LOW HITPOINT WARNING * * *
Grinder hits you.
* * * LOW HITPOINT WARNING * * *
Grinder hits you!
You die...

Skill      XL: |  1  2  3  4 |
---------------+-------------+-----
Fighting       | 1 |  1.8
Stealth        | 2 |  2.4
Spellcasting   | 3 |  3.7
Necromancy     | 5 |  5.1
Dodging        | |  1.5

Action                     |  1- 3 |  4- 6 || total
---------------------------+-------+-------++-------
  Melee: Mace              |    44 |     4 ||    48
         Punch             |     1 |       ||     1
         Short sword       |       |    20 ||    20
         Dagger            |       |    30 ||    30
   Cast: Necrotise         |    25 |    24 ||    49
         Vampiric Draining |     2 |     1 ||     3
   Stab: Sleeping          |     1 |     2 ||     3
 Armour: Robe              |    10 |    12 ||    22
  Dodge: Dodged            |    34 |    34 ||    68

Levels and vault maps discovered:
D:1:      nzn_arrival_depleted_hourglass, layout_loops_ring
D:2:      layout_basic
D:3:      layout_loops_ring, uniq_natasha, uniq_grinder

Notes
Turn   | Place    | Note
-------+----------+-------------------------------------------
     0 | D:1      | scionoferis the Mummy Necromancer began the quest for the
                  | Orb.
     0 | D:1      | Reached XP level 1. HP: 13/13 MP: 4/4
   213 | D:1      | You fall into a shaft and drop 1 floor!
   254 | D:2      | Noticed a jelly
   260 | D:2      | Killed a jelly
   261 | D:2      | Reached skill level 1 in Fighting
   261 | D:2      | Reached skill level 2 in Stealth
   261 | D:2      | Reached skill level 3 in Spellcasting
   261 | D:2      | Reached XP level 2. HP: 21/21 MP: 0/6
   261 | D:2      | Gained mutation: You are in touch with the powers of death.
                  | [Mummy growth]
   261 | D:2      | Reached XP level 3. HP: 26/26 MP: 0/7
   265 | D:2      | Learned a level 3 spell: Vampiric Draining
   750 | D:2      | Reached XP level 4. HP: 25/32 MP: 9/9
  1879 | D:3      | Noticed Grinder
  1904 | D:3      | Reached skill level 5 in Necromancy
  1906 | D:3      | Reached XP level 5. HP: 26/38 MP: 4/10
  2099 | D:3      | Paralysed by Grinder for 5 turns
  2103 | D:3      | Slain by Grinder

Vanquished Creatures
  A jelly (D:2)
  4 gnolls (D:3)
  2 adders (D:2 D:3)
  A worm (D:2)
  A dart slug (D:1)
  4 orcs (D:3)
  4 endoplasms (D:1 D:2)
  2 giant cockroaches (D:2 D:3)
  3 goblins (D:1 D:2)
  2 hobgoblins (D:2)
  3 jackals (D:2)
  2 quokkas (D:2 D:3)
  4 ball pythons (D:1 D:2 D:3)
  2 bats (D:1)
  A frilled lizard (D:1)
  5 kobolds (D:1 D:2)
  5 rats (D:1 D:2)
46 creatures vanquished.

Vanquished Creatures (collateral kills)
  A worm (D:2)
1 creature vanquished.

Grand Total: 47 creatures vanquished

Table legend: (Time is in decaauts)
 A = Elapsed time spent in this place.
 B = Non-inter-level travel time spent in this place.
 C = Inter-level travel time spent in this place.
 D = Time resting spent in this place.
 E = Time spent auto-exploring this place.
 F = Levels seen in this place.
 G = Mean time per level.
                   A        B        C        D        E       F      G
               +--------+--------+--------+--------+--------+-----+--------+
         Total |   2119 |   2071 |     48 |    115 |   1498 |   3 |  706.3 |
       Dungeon |   2119 |   2071 |     48 |    115 |   1498 |   3 |  706.3 |
               +--------+--------+--------+--------+--------+-----+--------+

Top non-repeatable levels by time:
     D:2: 866 daAuts
     D:1: 778 daAuts
     D:3: 475 daAuts

Table legend:
 A = Non-vault XP
 B = Vault XP
 C = Vault XP percentage of total XP
 D = Non-vault monster count
 E = Vault monster count
 F = Vault count percentage of total count
                 A         B        C        D         E       F
            +---------+---------+-------+---------+---------+-------
      Total |     206 |       0 |   0.0 |      47 |       0 |   0.0
            +---------+---------+-------+---------+---------+-------
        D:1 |      25 |       0 |   0.0 |      17 |       0 |   0.0
        D:2 |      93 |       0 |   0.0 |      18 |       0 |   0.0
        D:3 |      88 |       0 |   0.0 |      12 |       0 |   0.0
            +---------+---------+-------+---------+---------+-------
